 Dungeon Crawl Stone Soup version 0.21-a0-426-g98080a9 (webtiles) character file.

226 tof the Slasher (level 5, -17/47 HPs)
             Began as a Minotaur Berserker on Nov 6, 2017.
             Was a Priest of Trog.
             Demolished by an ogre
             ... wielding a +0 giant club
              (24 damage)
             ... on level 4 of the Dungeon.
             The game lasted 00:03:14 (3242 turns).

tof the Slasher (Minotaur Berserker)                Turns: 3242, Time: 00:03:15

Health: -17/47     AC:  5    Str: 22    XL:     5   Next: 69%
Magic:  4/4        EV: 12    Int:  4    God:    Trog [***...]
Gold:   190        SH:  0    Dex: 10    Spells: 4/4 levels left

rFire    . . .     SeeInvis .   a - +0 falchion
rCold    . . .     Gourm    .   (no shield)
rNeg     . . .     Faith    .   h - +0 ring mail
rPois    .         Spirit   .   (helmet restricted)
rElec    .         Reflect  .   (no cloak)
rCorr    .         Harm     .   (no gloves)
MR       .....                  (no boots)
Stlth    ..........             (no amulet)
HPRegen  0.15/turn              (no ring)
MPRegen  0.09/turn              (no ring)

@: no status effects
A: retaliatory headbutt, horns 2
a: Berserk, Trog's Hand, Burn Spellbooks, Renounce Religion


You were on level 4 of the Dungeon.
You worshipped Trog.
Trog was most pleased with you.
You were not hungry.

You visited 1 branch of the dungeon, and saw 4 of its levels.

You collected 190 gold pieces.

Inventory:

Hand Weapons
 a - a +0 falchion (weapon)
 b - a +0 blowgun
Missiles
 m - 8 javelins (quivered)
 n - 6 needles of paralysis
 q - 18 poisoned needles
Armour
 h - a +0 ring mail (worn)
Scrolls
 d - 2 scrolls of remove curse {unknown}
 e - a scroll of teleportation {unknown}
 f - 3 scrolls of fear {unknown}
 i - 2 scrolls of enchant armour {unknown}
 j - 4 scrolls of identify {unknown}
 p - 2 scrolls of magic mapping {unknown}
Potions
 g - a potion of degeneration {unknown}
 k - 2 potions of might {unknown}
 l - a potion of invisibility {unknown}
 o - a potion of flight {unknown}
 s - a potion of curing {unknown}
Comestibles
 c - a bread ration
 r - 3 chunks of flesh


   Skills:
 + Level 4.7 Fighting
 * Level 5.6 Long Blades
 + Level 3.9 Armour
 + Level 3.4 Dodging


You had 4 spell levels left.
You didn't know any spells.

Dungeon Overview and Level Annotations

Branches:
Dungeon (4/15)
 Temple: D:4-7

Altars:
Ashenzari
Elyvilon
Hepliaklqana

Shops:
D:4 [


Innate Abilities, Weirdness & Mutations

You reflexively headbutt those who attack you in melee.
You have a pair of horns on your head.


Message History

HP restored.
f - 3 scrolls labeled PAETZAESUI (gained 1)
An ogre comes into view. It is wielding a giant club.
The ogre shouts!
An orc comes into view.
The orc shouts!
Found 15 poisoned needles.
The ogre hits you with a giant club!
Some of the chunks of flesh in your inventory have rotted away.
Found Ludoud's Armour Emporium.
You closely miss the ogre. You completely miss the ogre.
Your headbutt misses the ogre. The ogre hits you with a giant club!!
Ouch! That really hurt!
* * * LOW HITPOINT WARNING * * *
You barely miss the ogre. You headbutt the ogre.
The ogre is moderately wounded.
The ogre hits you with a giant club!!
Ouch! That really hurt!
You die...

.... ### ...( ##..###
..... '..... ..... #....
.∩....#... ......#..
......oO#### #@...#
#....# #....# #....###
###....# #....# #....#
######## ##....######.
#......####.##+#........


You could see an ogre and an orc.

Vanquished Creatures
  An orc wizard (D:3)
  A worker ant (D:4)
  Robin (D:3)
  4 gnolls (D:3)
  3 adders
  2 oozes
  2 worms (D:2)
  5 orcs (D:3)
  7 bats
  4 giant cockroaches
  13 goblins
  14 hobgoblins
  3 jackals (D:3)
  7 kobolds
  A quokka (D:3)
  5 frilled lizards
  8 rats
81 creatures vanquished.

Notes
Turn   | Place    | Note
-------+----------+-------------------------------------------
     0 | D:1      | tof the Minotaur Berserker began the quest for the Orb.
     0 | D:1      | Reached XP level 1. HP: 19/19 MP: 0/0
   236 | D:1      | Reached XP level 2. HP: 23/27 MP: 1/1
   295 | D:1      | Reached skill level 4 in Long Blades
   767 | D:2      | Reached XP level 3. HP: 10/33 MP: 2/2
  1214 | D:2      | Reached ** piety under Trog
  1463 | D:2      | Found a white marble altar of Elyvilon.
  1901 | D:3      | Found a hazy altar of Hepliaklqana.
  1901 | D:3      | Found a shattered altar of Ashenzari.
  1963 | D:3      | Reached XP level 4. HP: 35/40 MP: 3/3
  1969 | D:3      | Noticed Robin
  1980 | D:3      | Killed Robin
  2374 | D:3      | Reached skill level 5 in Long Blades
  2423 | D:3      | Reached XP level 5. HP: 30/47 MP: 4/4
  2607 | D:3      | Reached *** piety under Trog
  3237 | D:4      | Noticed an ogre
  3239 | D:4      | Found Ludoud's Armour Emporium.
  3242 | D:4      | Demolished by an ogre

Vault maps used:
D:1:      saegor_arrival_under_anarchy
D:2:      first_bread, minmay_misc_feat_square, elyvilon_altar_5
D:3:      gammafunk_temple_overflow_elements, kennysheep_generic_room_10,
          uniq_robin
D:4:      marbit_many_paths, serial_shops, shop

Skill      XL: |  1  2  3  4 |
---------------+-------------+-----
Long Blades    | 4 5 |  5.6
Fighting       | 4 |  4.7
Armour         | 3 |  3.9
Dodging        | 3 |  3.4

Action                   |  1- 3 |  4- 6 || total
-------------------------+-------+-------++-------
Melee: Falchion          |    90 |    78 ||   168
       Headbutt          |    17 |    15 ||    32
Throw: Javelin           |       |     7 ||     7
Invok: Berserk           |       |     1 ||     1
  Eat: Chunk             |     1 |     3 ||     4
       Bread ration      |     1 |       ||     1
Armor: Animal skin       |     2 |       ||     2
       Ring mail         |    28 |    25 ||    53
Dodge: Dodged            |    48 |    51 ||    99
       Rpst.: Falchion   |    16 |    13 ||    29

Table legend:
 A = Spawn XP
 B = Non-spawn XP
 C = Spawn XP percentage of total XP
 D = Spawn monster count
 E = Non-spawn monster count
 F = Spawn count percentage of total count
 G = Total turns spent on level
                    A         B        C        D         E        F      G
               +---------+---------+-------+---------+---------+-------+---------
         Total |       0 |     324 |   0.0 |       0 |      81 |   0.0 |  3242
               +---------+---------+-------+---------+---------+-------+---------
           D:1 |       0 |      32 |   0.0 |       0 |      18 |   0.0 |   647
           D:2 |       0 |      56 |   0.0 |       0 |      20 |   0.0 |  1109
           D:3 |       0 |     203 |   0.0 |       0 |      42 |   0.0 |  1374
           D:4 |       0 |      33 |   0.0 |       0 |       1 |   0.0 |   112
               +---------+---------+-------+---------+---------+-------+---------
